 Dungeon Crawl Stone Soup version 0.29-a0-284-gf9362112df (webtiles) character file.

Game seed: 6156454933633535155

163 rabbitsville the Firebug (level 5, -4/31 HPs)
             Began as an Octopode Fire Elementalist on Mar 23, 2022.
             Killed from afar by an orc wizard (6 damage)
             ... with a magic dart
             ... on level 3 of the Dungeon.
             The game lasted 00:08:31 (2691 turns).

rabbitsville the Firebug (OpFE)                     Turns: 2691, Time: 00:08:34

Health: -4/31      AC:  1    Str:  7    XL:     5   Next: 44%
Magic:  3/8        EV: 13    Int: 20    God:
Gold:   141        SH:  0    Dex: 12    Spells: 5/8 levels left

rFire   . . .      SeeInvis .   f - +0 short sword
rCold   . . .      Faith    .   (no shield)
rNeg    . . .      Spirit   .   (helmet restricted)
rPois   .          Reflect  .   (no amulet)
rElec   .          Harm     .   (no ring)
rCorr   .          Rampage  .   (no ring)
Will    .....                   (no ring)
Stlth   +++.......              (no ring)
HPRegen 0.10/turn               (no ring)
MPRegen 0.11/turn               (no ring)
                                (no ring)
                                (no ring)

@: flying
A: almost no armour, amphibious, 8 rings, camouflage 1, gelatinous body 1,
(nimble swimmer 1), tentacles, MP-powered wands
a: no special abilities


You were on level 3 of the Dungeon.
You visited 1 branch of the dungeon, and saw 3 of its levels.

You collected 141 gold pieces.

Inventory:

Hand Weapons
 f - a +0 short sword (weapon)
Missiles
 e - 57 stones
Scrolls
 b - a scroll of amnesia {unknown}
 c - a scroll of immolation {unknown}
 d - 4 scrolls of identify {unknown}
 g - a scroll of blinking {unknown}
 i - a scroll of enchant weapon {unknown}
Potions
 a - a potion of magic
 h - a potion of degeneration {unknown}
 l - a potion of heal wounds {unknown}


   Skills:
 - Level 2.0 Dodging
 - Level 2.6 Stealth
 - Level 2.0 Spellcasting
 - Level 1.0 Conjurations
 * Level 6.0 Fire Magic


You had 5 spell levels left.
You knew the following spells:

 Your Spells              Type           Power      Damage    Failure   Level
a - Foxfire               Conj/Fire      64%        2x1d7     3%          1
b - Scorch                Fire           52%        2d7       1%          2

Your spell library contained the following spells:

 Spells                   Type           Power      Damage    Failure   Level
 Conjure Flame            Conj/Fire      16%        6-21      11%         3
 Inner Flame              Hex/Fire       14%        N/A       14%         3
 Flame Wave               Conj/Fire      16%        2d6       36%         4


Dungeon Overview and Level Annotations

Branches:
Dungeon (3/15)

Altars:


Innate Abilities, Weirdness & Mutations

You cannot wear most types of armour.
You are amphibious.
You can wear up to eight rings at the same time.
Your skin changes colour to match your surroundings (Stealth+).
Your rubbery body absorbs attacks. (AC +1, EV +1)
((You are camouflaged when in or above water. (Stealth+)))
You have tentacles for arms and can constrict up to eight enemies at once.
You expend magic power (3 MP) to strengthen your wands.


Message History

You barely miss the orc. You grab the orc. You squeeze the orc.
The orc is severely wounded.
You constrict the orc, but do no damage.
The orc barely misses you.
You hit the orc but do no damage. You squeeze the orc.
You kill the orc!
You hear some strange, mumbled words.
A puff of flame appears from out of thin air!
The puff of flame hits you!
Casting: Scorch (safe; 1% risk of failure)
Press: ? - help, Q - select action, (/) - cycle Dir - look around, f - activate Flames lash the orc.
The orc is severely wounded.
The orc's fire resistance burns away.
You completely miss something. Something hits you.
You hit something but do no damage. Something hits you.
You miss something. Your squeeze misses something.
The orc is no longer more vulnerable to fire.
Something hits you.
You completely miss something. Your squeeze misses something.
Something hits you.
* * * LOW HITPOINT WARNING * * *
Casting: Scorch (safe; 1% risk of failure)
Press: ? - help, Q - select action, (/) - cycle Dir - look around, f - activate Flames lash the orc.
You kill the orc!
Something hits you.
* * * LOW HITPOINT WARNING * * *
Your Fire Magic skill increases to level 6!
It was a potion of mutation.
You feel extremely strange.
You feel your magical essence link to the dungeon's wands.
Something hits you but does no damage.
Unknown command.
It was a potion of flight.
You feel very buoyant.
You fly up into the air.
You hear some strange, mumbled words.
A magic dart appears from out of thin air!
The magic dart hits you.
You die...

##.... ..# #########
#..... #.# ##.##.....
#...##.#.# ##...#.###. #
#...##.#.###......###.
#.##..)##................
...o. ###.#####.##.####
#..# #.# #.##.#
#..#####.# #.##.####
#.)o{@...# ##+##.....
#.######## ##...###### #.
##.....## #. ##.......##
## #.........###
+.....)...'..
#....)....### ##.......##
##.....##


You could see an orc.

Vanquished Creatures
  Natasha (thrice) (D:2)
  Robin (D:2)
  An adder (D:2)
  3 dart slugs
  3 orcs (D:3)
  4 ball pythons
  3 endoplasms
  A giant cockroach (D:2)
  12 goblins
  5 hobgoblins
  5 kobolds
  A quokka (D:1)
  4 bats
  18 rats
64 creatures vanquished.

Vanquished Creatures (others)
  37 foxfires (D:1)
37 creatures vanquished.

Grand Total: 101 creatures vanquished

Notes
Turn   | Place    | Note
-------+----------+-------------------------------------------
     0 | D:1      | rabbitsville the Octopode Fire Elementalist began the quest
                  | for the Orb.
     0 | D:1      | Reached XP level 1. HP: 11/11 MP: 3/3
   202 | D:1      | Reached XP level 2. HP: 17/17 MP: 3/5
   797 | D:1      | Reached skill level 4 in Fire Magic
   938 | D:1      | Reached XP level 3. HP: 21/21 MP: 2/6
  1294 | D:2      | Learned a level 2 spell: Scorch
  1596 | D:2      | Noticed Natasha
  1600 | D:2      | Killed Natasha
  1601 | D:2      | Reached XP level 4. HP: 27/27 MP: 2/7
  1789 | D:2      | Reached skill level 5 in Fire Magic
  1851 | D:2      | Noticed Robin
  1855 | D:2      | Killed Robin
  2131 | D:2      | Found a faded altar of an unknown god.
  2136 | D:2      | Noticed Natasha
  2148 | D:2      | Killed Natasha
  2149 | D:2      | Reached XP level 5. HP: 21/31 MP: 5/8
  2287 | D:2      | Noticed Natasha
  2291 | D:2      | Killed Natasha
  2690 | D:3      | Reached skill level 6 in Fire Magic
  2690 | D:3      | Gained mutation: You expend magic power (3 MP) to
                  | strengthen your wands. [potion of mutation]
  2691 | D:3      | Killed from afar by an orc wizard

Illustrated notes

Levels and vault maps discovered:
D:1:      kilobyte_arrival_exit_the_forest, layout_rooms,
          amcnicky_mini_pool_small, minmay_rat_gold_closets
D:2:      layout_loops_ring, nicolae_ecumenical_pavilion, uniq_robin,
          uniq_natasha
D:3:      layout_loops_corners, minmay_fractal_squares_gapless_5, uniq_terence

Skill      XL: |  1  2  3  4  5 |
---------------+----------------+-----
Fire Magic     | 4 5 6 |  6.0
Dodging        | |  2.0
Stealth        | |  2.6
Spellcasting   | |  2.0
Conjurations   | |  1.0

Action                   |  1- 3 |  4- 6 || total
-------------------------+-------+-------++-------
Melee: Constrict         |     8 |     8 ||    16
       Tentacles         |     6 |     8 ||    14
       Unarmed           |     1 |       ||     1
       Short sword       |    27 |    31 ||    58
 Cast: Foxfire           |    24 |       ||    24
       Scorch            |     6 |    21 ||    27
  Use: Potion            |       |     2 ||     2
 Stab: Sleeping          |    12 |       ||    12
Armor: Skin              |     1 |     4 ||     5
Dodge: Dodged            |     6 |    15 ||    21

Table legend: (Time is in decaauts)
 A = Elapsed time spent in this place.
 B = Non-inter-level travel time spent in this place.
 C = Inter-level travel time spent in this place.
 D = Time resting spent in this place.
 E = Time spent auto-exploring this place.
 F = Levels seen in this place.
 G = Mean time per level.
                   A        B        C        D        E       F      G
               +--------+--------+--------+--------+--------+-----+--------+
         Total |   2695 |   2653 |     42 |    419 |   1709 |   3 |  898.3 |
       Dungeon |   2695 |   2653 |     42 |    419 |   1709 |   3 |  898.3 |
               +--------+--------+--------+--------+--------+-----+--------+

Top non-repeatable levels by time:
     D:2: 1336 daAuts
     D:1: 1151 daAuts
     D:3: 207 daAuts
